3AAA
HIALEAH DODOS @ TREMONT DOUBLEDAYS
08/12/2029
 
TOP OF THE 1ST
Hialeah Dodos batting - Pitching for Tremont Doubledays : LHP Mathieu Neri
Pitching: LHP Mathieu Neri
Batting: RHB Jorge Salgado 0-0: Ball
1-0: Fly out, F3 (Popup, 3SF)
Batting: RHB Reg Spiers 0-0: Ball
1-0: Called Strike
1-1: Swinging Strike
1-2: Ground out 5-3 (Groundball, 56S)
Batting: RHB Lorenzo Ramírez 0-0: Fly out, F6 (Popup, 6MS)
Top of the 1st over - 0 runs, 0 hits, 0 errors, 0 left on base; Hialeah 0 - Tremont 0
BOTTOM OF THE 1ST
Tremont Doubledays batting - Pitching for Hialeah Dodos : RHP Blaine Stottlar
Pitching: RHP Blaine Stottlar
Batting: RHB Sheldon Deshotels 0-0: Called Strike
0-1: Swinging Strike
0-2: Ball
1-2: Foul Ball, location: 2F
1-2: SINGLE (Groundball, 56D)
Batting: RHB Sang Hong-Do 0-0: Swinging Strike
0-1: SINGLE (Line Drive, 4MD)
Sheldon Deshotels to second
Batting: RHB Andrés Gonzáles 0-0: Ball
1-0: Swinging Strike
1-1: Foul Ball, location: 2F
1-2: Strikes out looking
Batting: LHB Luis Velázquez 0-0: Ball
1-0: Ball
2-0: Ball
3-0: Called Strike
3-1: Base on Balls
Sheldon Deshotels to third
Sang Hong-Do to second
Batting: RHB Menno van de Vlugt 0-0: Fly out, F4 (Line Drive, 4)
Batting: RHB Alfredo Suárez 0-0: Ball
1-0: Called Strike
1-1: Swinging Strike
1-2: Strikes out swinging
Bottom of the 1st over - 0 runs, 2 hits, 0 errors, 3 left on base; Hialeah 0 - Tremont 0
TOP OF THE 2ND
Hialeah Dodos batting - Pitching for Tremont Doubledays : LHP Mathieu Neri
Batting: LHB Scott Janousek 0-0: Ball
1-0: Ball
2-0: SINGLE (Flyball, 6D)
Batting: SHB Javier Gonzáles 0-0: Ball
1-0: Called Strike
1-1: Ball
2-1: Foul Ball, location: 2F
2-2: Foul Ball, location: 2F
2-2: Foul Ball, location: 2F
2-2: Foul Ball, location: 2F
2-2: Foul Ball, location: 2F
2-2: Foul Ball, location: 2F
2-2: Ball
3-2: Base on Balls
Scott Janousek to second
Batting: LHB Raúl Aguirre 0-0: Ball
1-0: Ball
2-0: Ball
3-0: Base on Balls
Scott Janousek to third
Javier Gonzáles to second
Batting: RHB Aurelio Álvarez 0-0: Ball
Wild Pitch!
Scott Janousek scores
Javier Gonzáles to third
Raúl Aguirre to second
1-0: Called Strike
1-1: Ball
2-1: Ground out 6-3 (Groundball, 6)
Javier Gonzáles scores
Raúl Aguirre to third
Batting: LHB Cole Thrash 0-0: Swinging Strike
0-1: Called Strike
0-2: SINGLE (Groundball, 6D)
Raúl Aguirre scores
Batting: RHB Stephen McManus 0-0: SINGLE (Line Drive, 9LS)
Cole Thrash to second
Runner from 2nd tries for 3rd, SAFE, throw made to third
Pinch Runner at 3rd Errol Levick:
Batting: RHB Jorge Salgado 0-0: Ball
1-0: Ball
2-0: Ball
3-0: Called Strike
3-1: Swinging Strike
3-2: Strikes out swinging
Stephen McManus is caught stealing 2nd base
Batter strikes out.
Top of the 2nd over - 3 runs, 3 hits, 0 errors, 1 left on base; Hialeah 3 - Tremont 0
BOTTOM OF THE 2ND
Tremont Doubledays batting - Pitching for Hialeah Dodos : RHP Blaine Stottlar
Now at C: Errol Levick
Batting: RHB Francisco García 0-0: Ball
1-0: Fly out, F6 (Line Drive, 6M)
Batting: RHB José Magana 0-0: Ball
1-0: Called Strike
1-1: Foul Ball, location: 2F
1-2: Strikes out swinging
Batting: RHB António Quiñones 0-0: Swinging Strike
0-1: Foul Ball, location: 2F
0-2: Strikes out swinging
Bottom of the 2nd over - 0 runs, 0 hits, 0 errors, 0 left on base; Hialeah 3 - Tremont 0
TOP OF THE 3RD
Hialeah Dodos batting - Pitching for Tremont Doubledays : LHP Mathieu Neri
Batting: RHB Reg Spiers 0-0: Foul Ball, location: 2F
0-1: Swinging Strike
0-2: Ground out 6-3 (Groundball, 6)
Batting: RHB Lorenzo Ramírez 0-0: Fly out, F7 (Flyball, 7)
Batting: LHB Scott Janousek 0-0: Ball
1-0: Called Strike
1-1: Fly out, F9 (Flyball, 89M)
Top of the 3rd over - 0 runs, 0 hits, 0 errors, 0 left on base; Hialeah 3 - Tremont 0
BOTTOM OF THE 3RD
Tremont Doubledays batting - Pitching for Hialeah Dodos : RHP Blaine Stottlar
Batting: RHB Sheldon Deshotels 0-0: Called Strike
0-1: Fly out, F7 (Flyball, 78D)
Batting: RHB Sang Hong-Do 0-0: Swinging Strike
0-1: Ball
1-1: Swinging Strike
1-2: Foul Ball, location: 2F
1-2: Ball
2-2: Strikes out swinging
Batting: RHB Andrés Gonzáles 0-0: Ball
1-0: SOLO HOME RUN (Flyball, 7LD), Distance : 348 ft
Batting: LHB Luis Velázquez 0-0: Foul Ball, location: 2F
0-1: Called Strike
0-2: Strikes out swinging
Bottom of the 3rd over - 1 run, 1 hit, 0 errors, 0 left on base; Hialeah 3 - Tremont 1
TOP OF THE 4TH
Hialeah Dodos batting - Pitching for Tremont Doubledays : LHP Mathieu Neri
Batting: SHB Javier Gonzáles 0-0: Foul Ball, location: 2F
0-1: Ball
1-1: Ball
2-1: Ball
3-1: Foul Ball, location: 2F
3-2: Reached on error, E5 (Groundball, 56S)
Batting: LHB Raúl Aguirre 0-0: Ground out 4-3 (Groundball, 4S)
Javier Gonzáles to third
Batting: RHB Aurelio Álvarez 0-0: Ball
1-0: Called Strike
1-1: Ball
2-1: Called Strike
2-2: Strikes out swinging
Batting: LHB Errol Levick 0-0: Ball
1-0: Ball
2-0: Ball
3-0: Foul Ball, location: 2F
3-1: Called Strike
3-2: Strikes out swinging
Top of the 4th over - 0 runs, 0 hits, 1 error, 1 left on base; Hialeah 3 - Tremont 1
BOTTOM OF THE 4TH
Tremont Doubledays batting - Pitching for Hialeah Dodos : RHP Blaine Stottlar
Batting: RHB Menno van de Vlugt 0-0: Called Strike
0-1: Fly out, F9 (Flyball, 9)
Batting: RHB Alfredo Suárez 0-0: Fly out, F7 (Flyball, 78M)
Batting: RHB Francisco García 0-0: Ball
1-0: Ball
2-0: Ball
3-0: Called Strike
3-1: Called Strike
3-2: Fly out, F7 (Flyball, 7)
Bottom of the 4th over - 0 runs, 0 hits, 0 errors, 0 left on base; Hialeah 3 - Tremont 1
TOP OF THE 5TH
Hialeah Dodos batting - Pitching for Tremont Doubledays : LHP Mathieu Neri
Batting: RHB Stephen McManus 0-0: Ground out 6-3 (Groundball, 6)
Batting: RHB Jorge Salgado 0-0: Foul Ball, location: 2F
0-1: Ball
1-1: Ball
2-1: Foul Ball, location: 2F
2-2: Ball
3-2: Foul Ball, location: 2F
3-2: Foul Ball, location: 2F
3-2: Foul Ball, location: 2F
3-2: Ground out 4-3 (Groundball, 4)
Batting: RHB Reg Spiers 0-0: Ball
1-0: Ground out 5-3 (Groundball, 56)
Top of the 5th over - 0 runs, 0 hits, 0 errors, 0 left on base; Hialeah 3 - Tremont 1
BOTTOM OF THE 5TH
Tremont Doubledays batting - Pitching for Hialeah Dodos : RHP Blaine Stottlar
Batting: RHB José Magana 0-0: Foul Ball, location: 2F
0-1: Foul Ball, location: 2F
0-2: Strikes out swinging
Batting: RHB António Quiñones 0-0: SINGLE (Flyball, 8RS)
Batting: RHB Sheldon Deshotels 0-0: Fly out, F4 (Line Drive, 4M)
Batting: RHB Sang Hong-Do 0-0: Ball
1-0: Called Strike
1-1: SINGLE (Groundball, 34S) (infield hit)
António Quiñones to second
Batting: RHB Andrés Gonzáles 0-0: Called Strike
0-1: Ball
1-1: Foul Ball, location: 2F
1-2: Strikes out swinging
Bottom of the 5th over - 0 runs, 2 hits, 0 errors, 2 left on base; Hialeah 3 - Tremont 1
TOP OF THE 6TH
Hialeah Dodos batting - Pitching for Tremont Doubledays : LHP Mathieu Neri
Batting: RHB Lorenzo Ramírez 0-0: Called Strike
0-1: Called Strike
0-2: Ball
1-2: Foul Ball, location: 2F
1-2: Foul Ball, location: 2F
1-2: Foul Ball, location: 2F
1-2: Fly out, F2 (Popup, 3SF)
Batting: LHB Scott Janousek 0-0: Called Strike
0-1: Foul Ball, location: 2F
0-2: Foul Ball, location: 2F
0-2: Foul Ball, location: 2F
0-2: Ball
1-2: Foul Ball, location: 2F
1-2: Foul Ball, location: 2F
1-2: Ball
2-2: SOLO HOME RUN (Flyball, 9D), Distance : 400 ft
Batting: SHB Javier Gonzáles 0-0: Ball
1-0: Foul Ball, location: 2F
1-1: Called Strike
1-2: SINGLE (Line Drive, 34D)
Batting: LHB Raúl Aguirre 0-0: Swinging Strike
0-1: Ball
1-1: Foul Ball, location: 2F
1-2: Strikes out swinging
Batting: RHB Aurelio Álvarez 0-0: Called Strike
0-1: Foul Ball, location: 2F
0-2: Ball
1-2: Foul Ball, location: 2F
1-2: Strikes out swinging
Top of the 6th over - 1 run, 2 hits, 0 errors, 1 left on base; Hialeah 4 - Tremont 1
BOTTOM OF THE 6TH
Tremont Doubledays batting - Pitching for Hialeah Dodos : RHP Blaine Stottlar
Batting: LHB Luis Velázquez 0-0: Called Strike
0-1: Ball
1-1: Foul Ball, location: 2F
1-2: Ball
2-2: Fly out, F3 (Line Drive, 34)
Batting: RHB Menno van de Vlugt 0-0: Ground out 4-3 (Groundball, 4)
Batting: RHB Alfredo Suárez 0-0: Ball
1-0: Fly out, F8 (Line Drive, 8LD)
Bottom of the 6th over - 0 runs, 0 hits, 0 errors, 0 left on base; Hialeah 4 - Tremont 1
TOP OF THE 7TH
Hialeah Dodos batting - Pitching for Tremont Doubledays : LHP Mathieu Neri
Batting: LHB Errol Levick 0-0: Called Strike
0-1: Swinging Strike
0-2: Foul Ball, location: 2F
0-2: Ball
1-2: Ball
2-2: Strikes out looking
Batting: RHB Stephen McManus 0-0: Fly out, F7 (Flyball, 7LS)
Batting: RHB Jorge Salgado 0-0: Foul Ball, location: 2F
0-1: Reached on error, E4 (Groundball, 4)
Pitching: RHP Carlos Costello
Batting: RHB Reg Spiers 0-0: Ball
1-0: Swinging Strike
1-1: Ball
2-1: Ball
3-1: Foul Ball, location: 2F
3-2: Foul Ball, location: 2F
3-2: Foul Ball, location: 2F
3-2: Base on Balls
Batting: RHB Lorenzo Ramírez 0-0: Ball
1-0: Ball
2-0: Called Strike
2-1: Fly out, F9 (Flyball, 9)
Top of the 7th over - 0 runs, 0 hits, 1 error, 2 left on base; Hialeah 4 - Tremont 1
BOTTOM OF THE 7TH
Tremont Doubledays batting - Pitching for Hialeah Dodos : RHP Blaine Stottlar
Batting: RHB Francisco García 0-0: Ground out U3 (Groundball, 3L)
Batting: RHB José Magana 0-0: Ball
1-0: Ball
2-0: Ball
3-0: Called Strike
3-1: Swinging Strike
3-2: Fly out, F3 (Popup, 3SF)
Batting: RHB António Quiñones 0-0: Foul Ball, location: 2F
0-1: Foul Ball, location: 2F
0-2: Ball
1-2: Foul Ball, location: 2F
1-2: Ball
2-2: Ball
3-2: Ground out 5-3 (Groundball, 56)
Bottom of the 7th over - 0 runs, 0 hits, 0 errors, 0 left on base; Hialeah 4 - Tremont 1
TOP OF THE 8TH
Hialeah Dodos batting - Pitching for Tremont Doubledays : RHP Carlos Costello
Batting: LHB Scott Janousek 0-0: Ball
1-0: Fly out, F8 (Flyball, 8LM)
Batting: SHB Javier Gonzáles 0-0: Ball
1-0: Foul Ball, location: 2F
1-1: Fly out, F9 (Line Drive, 9)
Batting: LHB Raúl Aguirre 0-0: Ground out U3 (Groundball, 3L)
Top of the 8th over - 0 runs, 0 hits, 0 errors, 0 left on base; Hialeah 4 - Tremont 1
BOTTOM OF THE 8TH
Tremont Doubledays batting - Pitching for Hialeah Dodos : RHP Blaine Stottlar
Batting: RHB Sheldon Deshotels 0-0: SINGLE (Line Drive, 8RS)
Batting: RHB Sang Hong-Do 0-0: Ball
1-0: Ball
2-0: Called Strike
2-1: Swinging Strike
2-2: 2-RUN HOME RUN (Flyball, 7D), Distance : 405 ft
Batting: RHB Andrés Gonzáles 0-0: Ball
1-0: Called Strike
1-1: Swinging Strike
1-2: Ball
2-2: Foul Ball, location: 2F
2-2: Ball
3-2: Fly out, F5 (Line Drive, 56)
Batting: LHB Luis Velázquez 0-0: Foul Ball, location: 2F
0-1: Ball
1-1: Ball
2-1: Ball
3-1: Foul Ball, location: 2F
3-2: SOLO HOME RUN (Flyball, 8LD), Distance : 444 ft
Batting: RHB Menno van de Vlugt 0-0: Ball
1-0: Called Strike
1-1: Ball
2-1: Fly out, F8 (Line Drive, 8RD)
Batting: RHB Alfredo Suárez 0-0: Fly out, F8 (Flyball, 8LXD)
Bottom of the 8th over - 3 runs, 3 hits, 0 errors, 0 left on base; Hialeah 4 - Tremont 4
TOP OF THE 9TH
Hialeah Dodos batting - Pitching for Tremont Doubledays : RHP Carlos Costello
Pitching: LHP Powell Beauregard
Batting: RHB Aurelio Álvarez 0-0: Ball
1-0: Ball
2-0: Ball
3-0: Called Strike
3-1: Base on Balls
Batting: LHB Errol Levick 0-0: Ball
1-0: Ball
Aurelio Álvarez is caught stealing 2nd base
2-0: Ball
3-0: Called Strike
3-1: Foul Ball, location: 2F
3-2: Fly out, F6 (Line Drive, 6)
Batting: RHB Stephen McManus 0-0: Foul Ball, location: 2F
0-1: Called Strike
0-2: Foul Ball, location: 2F
0-2: Ball
1-2: Ball
2-2: SINGLE (Groundball, 25) (infield hit)
Batting: RHB Jorge Salgado 0-0: Foul Ball, location: 2F
0-1: Ball
1-1: Foul Ball, location: 2F
1-2: Ball
2-2: 2-RUN HOME RUN (Flyball, 7D), Distance : 396 ft
Batting: RHB Reg Spiers 0-0: Ball
1-0: Ball
2-0: Ball
3-0: Base on Balls
Batting: RHB Lorenzo Ramírez 0-0: Called Strike
Reg Spiers steals 2nd base
0-1: SINGLE (Groundball, 6MD)
Reg Spiers to third
Runner from 3rd tries for Home, SAFE, no throw
Pitching: RHP Josef Strolz
Batting: LHB Scott Janousek 0-0: Ball
1-0: Ball
2-0: Ball
3-0: Called Strike
3-1: Base on Balls
Lorenzo Ramírez to second
Batting: SHB Javier Gonzáles 0-0: Ball
1-0: Ball
2-0: Fly out, F7 (Line Drive, 7S)
Top of the 9th over - 3 runs, 3 hits, 0 errors, 2 left on base; Hialeah 7 - Tremont 4
BOTTOM OF THE 9TH
Tremont Doubledays batting - Pitching for Hialeah Dodos : RHP Blaine Stottlar
Pitching: RHP Ralph Haggerty
Batting: RHB Francisco García 0-0: Foul Ball, location: 2F
0-1: Called Strike
0-2: Ball
1-2: Foul Ball, location: 2F
1-2: Ball
2-2: Ball
3-2: SINGLE (Flyball, 5D)
Batting: RHB José Magana 0-0: Called Strike
0-1: Grounds into double play, 1-4-3 (Groundball, 15)
Batting: RHB António Quiñones 0-0: Ball
1-0: Fly out, F9 (Flyball, 9LS)
Bottom of the 9th over - 0 runs, 1 hit, 0 errors, 0 left on base; Hialeah 7 - Tremont 4
Tuesday, December 19th, 2017 - OOTP Baseball 18.8 Build 76